Crunch vs Heat
Created - April 3, 2022 at 19:25
Goals
|
| Crunch |
1 |
3 |
0 |
4 |
| Heat |
3 |
1 |
2 |
6 |
|
Shots
|
| Crunch |
8 |
15 |
11 |
34 |
| Heat |
20 |
3 |
5 |
28 |
|
1st period
1. Crunch , Jayson Megna 4 (Noah Hanifin 30, Teemu Hartikainen 25) at 4:58
2. Heat , Barclay Goodrow 9 (Rasmus Andersson 24, Mathieu Brodeur 14) at 5:52
3. Heat , Philip Varone 11 (Jake DeBrusk 17) at 7:17 (PP)
4. Heat , Kevin Labanc 32 (Philip Varone 20) at 11:47
Penalties :
Jayson Megna (Syr) for Holding Stick (Minor) at 7:11, Michael Ferland (Syr) for High sticking (Minor) at 12:09
2nd period
5. Crunch , Mitch Callahan 7 (Michael Ferland 9) at 1:41
6. Heat , Rasmus Andersson 4 (Ryan Spooner 20) at 2:35
7. Crunch , Jayson Megna 5 (Teemu Hartikainen 26, Jordan Oesterle 18) at 2:47
8. Crunch , Teemu Hartikainen 27 (Jeremy Lauzon 5) at 4:34
Penalties :
Philip Varone (Sto) for Tripping (Minor) at 10:45
3rd period
9. Heat , Jake DeBrusk 23 (Victor Rask 38) at 11:35
10. Heat , Victor Rask 21 (Evgeny Svechnikov 18, Frank Corrado 14) at 13:49
Penalties :
Dalton Smith (Syr) for Tripping (Minor) at 3:40, Greg Pateryn (Sto) for Holding (Minor) at 8:04, Greg Pateryn (Sto) for High sticking (Minor) at 14:23, Anatoli Golyshev (Syr) for Holding (Minor) at 17:55
Goalie Stats
Kaapo Kahkonen (Syr), 22 saves from 28 shots - (0.786), L, 11-14-5, 60:00 minutes
Michael Hutchinson (Sto), 30 saves from 34 shots - (0.882), W, 20-13-5, 60:00 minutes
Players Stats for Crunch
Player Name G A P +/- PIM S H SB GA TA FO MP PP MP PK MP
------------------------------------------------------------------------------------
Anatoli Golyshev 0 0 0 -1 2 2 0 0 1 0 1/1 8:25 0:00 0:00
Brendan Guhle 0 0 0 -2 0 0 0 2 1 0 0/0 18:00 2:49 2:10
Brock Boeser 0 0 0 2 0 7 2 0 0 2 0/3 19:20 3:37 1:27
Charles-Olivier Roussel 0 0 0 0 0 0 0 1 0 0 0/0 9:35 0:00 0:00
Christoffer Ehn 0 0 0 -1 0 0 0 0 0 0 3/6 17:42 2:20 1:35
Connor Bunnaman 0 0 0 -1 0 0 1 1 0 0 1/4 8:21 0:00 0:00
Dalton Smith 0 0 0 -1 2 1 2 0 0 1 0/0 12:42 0:00 0:37
Dylan Strome 0 0 0 -1 0 0 0 0 0 0 1/3 13:02 0:00 1:30
Jacob Larsson 0 0 0 0 0 0 0 0 0 0 0/0 7:12 0:00 0:00
Jared Staal 0 0 0 -1 0 0 2 0 0 0 0/0 11:32 0:00 0:00
Jayson Megna 2 0 2 2 2 3 1 0 0 0 14/29 21:12 3:37 3:16
Jeremy Lauzon 0 1 1 -2 0 0 0 1 0 0 0/0 18:00 2:49 2:10
Jordan Oesterle 0 1 1 1 0 1 1 0 0 1 0/0 25:13 3:08 3:53
Kyle Capobianco 0 0 0 0 0 0 0 0 0 0 0/0 0:00 0:00 0:00
Max McCormick 0 0 0 -1 0 4 0 0 1 0 0/0 8:21 0:00 0:00
Michael Downing 0 0 0 0 0 0 0 0 0 0 0/0 7:12 0:00 0:00
Michael Ferland 0 1 1 -1 2 1 4 1 0 0 0/0 16:28 2:20 0:22
Mitch Callahan 1 0 1 -1 0 3 4 0 1 0 0/2 15:32 2:20 0:00
Noah Hanifin 0 1 1 1 0 4 1 0 0 0 0/0 25:13 3:08 3:53
Sean Walker 0 0 0 0 0 1 1 0 0 1 0/0 9:35 0:00 0:00
Teemu Hartikainen 1 2 3 2 0 7 0 0 2 0 3/8 21:16 3:37 3:19
Players Stats for Heat
Player Name G A P +/- PIM S H SB GA TA FO MP PP MP PK MP
------------------------------------------------------------------------------------
Barclay Goodrow 1 0 1 2 0 2 1 0 0 0 0/0 9:54 0:00 0:00
Eric Karlsson 0 0 0 0 0 1 1 0 0 0 0/1 9:01 0:00 1:17
Evgeny Svechnikov 0 1 1 -1 0 2 5 0 0 0 0/0 17:59 2:47 1:19
Frank Corrado 0 1 1 -1 0 2 2 1 0 0 0/0 20:36 2:55 2:36
Greg Pateryn 0 0 0 -1 4 2 1 0 0 0 0/0 19:08 2:37 0:48
Jake DeBrusk 1 1 2 -1 0 2 2 0 0 0 0/0 20:01 2:47 3:21
Jesper Bratt 0 0 0 0 0 1 0 0 0 0 0/0 7:29 0:00 0:00
John Gilmour 0 0 0 1 0 0 1 0 0 1 0/0 19:10 1:50 1:41
Kevin Labanc 1 0 1 0 0 4 0 1 1 3 1/1 19:33 3:06 0:00
Mathieu Brodeur 0 1 1 1 0 0 2 0 1 1 0/0 28:04 3:26 3:28
Matthew Nieto 0 0 0 0 0 3 0 1 1 0 0/0 19:44 3:16 0:00
Nico Sturm 0 0 0 0 0 0 0 0 0 0 0/0 8:49 0:00 1:19
Peter Cehlarik 0 0 0 2 0 0 3 0 0 0 0/1 11:31 0:00 1:22
Philip Varone 1 1 2 0 2 2 5 1 0 0 18/29 21:36 2:47 2:10
Rasmus Andersson 1 1 2 1 0 3 1 1 1 1 0/0 17:49 1:18 1:11
Ryan Spooner 0 1 1 2 0 0 0 0 0 0 4/6 11:05 0:10 0:59
Trevor Carrick 0 0 0 1 0 0 0 2 0 0 0/0 15:27 0:00 2:10
Victor Rask 1 1 2 -1 0 4 1 1 1 0 10/18 17:04 3:16 0:07
3 Stars
1 - Teemu Hartikainen (Syr)
2 - Rasmus Andersson (Sto)
3 - Jayson Megna (Syr)
Power Play
Crunch - 0 on 3 Attempt(s) - 0.00%
Heat - 1 on 4 Attempt(s) - 25.00%
Penalty Kill
Crunch - 3 on 4 Attempt(s) - 75.00%
- Score 0 goal in Penalty Kill
Heat - 3 on 3 Attempt(s) - 100.00%
- Score 0 goal in Penalty Kill
Team Stat
Crunch - Hits : 19 - Faceoff Wins : 23 - Blocked Shots : 6 - Penalty Minutes : 8
Heat - Hits : 25 - Faceoff Wins : 33 - Blocked Shots : 8 - Penalty Minutes : 6
Official
Referees : Francois St. Laurent and Dean Morton
Linesman : Ryan Galloway and Brad Kovachik
Game Notes
Rasmus Andersson is injured at 19:40 of 2nd period (Back Spasms)
Finance
Level 1 -- Attendance: 1850 (92.50%) -- Ticket Income $64,750
Level 2 -- Attendance: 836 (83.60%) -- Ticket Income $12,540
Total Attendance: 2686 (89.53%)
Total Ticket Income: $77,290
Other Income: $3,864
Total Income: $81,154
Crunch
5 vs 5 Forward
Center Left Wing Right Wing Time % Phy DF OF
1 Jayson Megna Teemu Hartikainen Brock Boeser 40 1 2 2
2 Christoffer Ehn Michael Ferland Mitch Callahan 30 1 2 2
3 Dylan Strome Dalton Smith Jared Staal 20 1 2 2
4 Connor Bunnaman Anatoli Golyshev Max McCormick 10 1 2 2
5 vs 5 Defense
Defense Defense Time % Phy DF OF
1 Jordan Oesterle Noah Hanifin 40 1 2 2
2 Brendan Guhle Jeremy Lauzon 30 1 2 2
3 Sean Walker Charles-Olivier Roussel 20 1 2 2
4 Jacob Larsson Michael Downing 10 1 2 2
PowerPlay Forward
Center Left Wing Right Wing Time % Phy DF OF
1 Jayson Megna Teemu Hartikainen Brock Boeser 60 1 2 2
2 Christoffer Ehn Michael Ferland Mitch Callahan 40 1 2 2
PowerPlay Defense
Defense Defense Time % Phy DF OF
1 Jordan Oesterle Noah Hanifin 60 1 2 2
2 Brendan Guhle Jeremy Lauzon 40 1 2 2
Penalty Kill 4 Players Forward
Center Wing Time % Phy DF OF
1 Teemu Hartikainen Jayson Megna 60 1 2 2
2 Brock Boeser Christoffer Ehn 40 1 2 2
Penalty Kill 4 Players Defense
Defense Defense Time % Phy DF OF
1 Jordan Oesterle Noah Hanifin 60 1 2 2
2 Brendan Guhle Jeremy Lauzon 40 1 2 2
Penalty Kill - 3 Players Forward
Forward Time % Phy DF OF
1 Teemu Hartikainen 60 1 2 2
2 Jayson Megna 40 1 2 2
Penalty Kill - 3 Players Defense
Defense Defense Time % Phy DF OF
1 Jordan Oesterle Noah Hanifin 60 1 2 2
2 Brendan Guhle Jeremy Lauzon 40 1 2 2
4 vs 4 Forward
Center Wing Time % Phy DF OF
1 Teemu Hartikainen Jayson Megna 60 1 2 2
2 Brock Boeser Christoffer Ehn 40 1 2 2
4 vs 4 Defense
Defense Defense Time % Phy DF OF
1 Jordan Oesterle Noah Hanifin 60 1 2 2
2 Brendan Guhle Jeremy Lauzon 40 1 2 2
Last Minutes Offensive
Center Left Wing Right Wing Defense Defense
Jayson Megna Teemu Hartikainen Brock Boeser Jordan Oesterle Noah Hanifin
Last Minutes Defensive
Center Left Wing Right Wing Defense Defense
Jayson Megna Teemu Hartikainen Brock Boeser Jordan Oesterle Noah Hanifin
Goaltenders
Starting : Kaapo Kahkonen
Backup : Josef Korenar
Extra Forwards
Normal : Jared Staal, Dalton Smith, Dylan Strome - PP : Jared Staal, Dalton Smith - PK : Dylan Strome
Extra Defensemen
Normal : Kyle Capobianco, Sean Walker, Charles-Olivier Roussel - PP : Kyle Capobianco - PK : Sean Walker, Charles-Olivier Roussel
Penalty Shots
Teemu Hartikainen, Jayson Megna, Brock Boeser, Christoffer Ehn, Michael Ferland
Scratches
Anthony Cirelli (Fractured Bone in Left Hand Injury), Matt Roy (Right Foot Injury)
Heat
5 vs 5 Forward
Center Left Wing Right Wing Time % Phy DF OF
1 Philip Varone Matthew Nieto Kevin Labanc 40 1 2 2
2 Victor Rask Jake DeBrusk Evgeny Svechnikov 30 1 2 2
3 Ryan Spooner Peter Cehlarik Barclay Goodrow 20 1 2 2
4 Nico Sturm Jesper Bratt Eric Karlsson 10 1 2 2
5 vs 5 Defense
Defense Defense Time % Phy DF OF
1 Mathieu Brodeur Rasmus Andersson 40 1 2 2
2 Frank Corrado Greg Pateryn 30 1 2 2
3 John Gilmour Trevor Carrick 20 1 2 2
4 Mathieu Brodeur Rasmus Andersson 10 1 2 2
PowerPlay Forward
Center Left Wing Right Wing Time % Phy DF OF
1 Victor Rask Matthew Nieto Kevin Labanc 60 1 2 2
2 Philip Varone Jake DeBrusk Evgeny Svechnikov 40 1 2 2
PowerPlay Defense
Defense Defense Time % Phy DF OF
1 Mathieu Brodeur Rasmus Andersson 60 1 2 2
2 Frank Corrado Greg Pateryn 40 1 2 2
Penalty Kill 4 Players Forward
Center Wing Time % Phy DF OF
1 Philip Varone Jake DeBrusk 60 1 2 2
2 Nico Sturm Evgeny Svechnikov 40 1 2 2
Penalty Kill 4 Players Defense
Defense Defense Time % Phy DF OF
1 Mathieu Brodeur Rasmus Andersson 60 1 2 2
2 Frank Corrado Greg Pateryn 40 1 2 2
Penalty Kill - 3 Players Forward
Forward Time % Phy DF OF
1 Matthew Nieto 60 1 2 2
2 Kevin Labanc 40 1 2 2
Penalty Kill - 3 Players Defense
Defense Defense Time % Phy DF OF
1 Mathieu Brodeur Rasmus Andersson 60 1 2 2
2 Frank Corrado Greg Pateryn 40 1 2 2
4 vs 4 Forward
Center Wing Time % Phy DF OF
1 Victor Rask Matthew Nieto 60 1 2 2
2 Philip Varone Kevin Labanc 40 1 2 2
4 vs 4 Defense
Defense Defense Time % Phy DF OF
1 Mathieu Brodeur Rasmus Andersson 60 1 2 2
2 Frank Corrado Greg Pateryn 40 1 2 2
Last Minutes Offensive
Center Left Wing Right Wing Defense Defense
Philip Varone Matthew Nieto Kevin Labanc Mathieu Brodeur Rasmus Andersson
Last Minutes Defensive
Center Left Wing Right Wing Defense Defense
Philip Varone Matthew Nieto Kevin Labanc Mathieu Brodeur Rasmus Andersson
Goaltenders
Starting : Michael Hutchinson
Backup : Vitek Vanecek
Extra Forwards
Normal : Ryan Spooner, Nico Sturm, Peter Cehlarik - PP : Ryan Spooner, Nico Sturm - PK : Peter Cehlarik
Extra Defensemen
Normal : John Gilmour, Trevor Carrick, Frank Corrado - PP : John Gilmour - PK : Trevor Carrick, Frank Corrado
Penalty Shots
Matthew Nieto, Jake DeBrusk, Kevin Labanc, Evgeny Svechnikov, Victor Rask
Scratches
Alexander True (Healthy), Brandon Hickey (Healthy), Chris Brown (Healthy), Christian Jaros (Healthy), Dominik Masin (Healthy)
Petteri Lindbohm (Healthy), Ryan Donato (Healthy), Vladislav Kamenev (Healthy), Tage Thompson (Healthy), Radim Zohorna (Healthy)
Nathan Lieuwen (Healthy), Collin Delia (Healthy)
% Time on Ice - Crunch
Lines # - Real PCT - Wanted PCT - Time Play
Normal Forward
1 - 31% - 40% - 14:54
2 - 28% - 30% - 13:13
3 - 24% - 20% - 11:32
4 - 17% - 10% - 8:21
Normal Defense
1 - 38% - 40% - 18:12
2 - 27% - 30% - 13:01
3 - 20% - 20% - 9:35
4 - 15% - 10% - 7:12
PP Forward
1 - 61% - 60% - 3:37
2 - 39% - 40% - 2:20
PP Defense
1 - 53% - 60% - 3:08
2 - 47% - 40% - 2:49
PK Forward
1 - 76% - 60% - 4:36
2 - 24% - 40% - 1:27
PK Defense
1 - 64% - 60% - 3:53
2 - 36% - 40% - 2:10
PK3 Forward
1 - 0% - 60%
2 - 0% - 40%
PK3 Defense
1 - 0% - 60%
2 - 0% - 40%
44 Forward
1 - 0% - 60%
2 - 0% - 40%
44 Defense
1 - 0% - 60%
2 - 0% - 40%
Last Minute Offensive - 0:00
Last Minute Defensive - 0:00
Total
Forward - 60:00
Defense - 60:00
|
% Time on Ice - Heat
Lines # - Real PCT - Wanted PCT - Time Play
Normal Forward
1 - 35% - 40% - 16:44
2 - 29% - 30% - 13:53
3 - 21% - 20% - 9:54
4 - 16% - 10% - 7:29
Normal Defense
1 - 41% - 40% - 19:38
2 - 30% - 30% - 14:10
3 - 25% - 20% - 11:49
4 - 5% - 10% - 2:23
PP Forward
1 - 54% - 60% - 3:16
2 - 46% - 40% - 2:47
PP Defense
1 - 57% - 60% - 3:28
2 - 43% - 40% - 2:35
PK Forward
1 - 78% - 60% - 4:38
2 - 22% - 40% - 1:19
PK Defense
1 - 61% - 60% - 3:36
2 - 39% - 40% - 2:21
PK3 Forward
1 - 0% - 60%
2 - 0% - 40%
PK3 Defense
1 - 0% - 60%
2 - 0% - 40%
44 Forward
1 - 0% - 60%
2 - 0% - 40%
44 Defense
1 - 0% - 60%
2 - 0% - 40%
Last Minute Offensive - 0:00
Last Minute Defensive - 0:00
Total
Forward - 60:00
Defense - 60:00
|
Play-by-Play
1st period
0:01 of 1st period - Jayson Megna wins face-off versus Philip Varone in neutral zone.
0:34 of 1st period - Slapshot by Jake DeBrusk.
0:34 of 1st period - Stopped by Kaapo Kahkonen without a rebound.
0:35 of 1st period - Ryan Spooner wins face-off versus Dylan Strome in Crunch zone.
2:51 of 1st period - Wrist shot by Brock Boeser.
2:51 of 1st period - Stopped by Michael Hutchinson with a rebound.
4:11 of 1st period - Slapshot by Jordan Oesterle.
4:11 of 1st period - Stopped by Michael Hutchinson with a rebound.
4:13 of 1st period - Snap shot by Connor Bunnaman.
4:13 of 1st period - Shot Misses the Net.
4:23 of 1st period - Kevin Labanc is hit by Mitch Callahan.
4:27 of 1st period - Kevin Labanc is hit by Sean Walker and loses puck.
4:46 of 1st period - Wrist shot by Brock Boeser.
4:46 of 1st period - Shot Misses the Net.
4:48 of 1st period - Slapshot by Brock Boeser.
4:48 of 1st period - Deflect By Jayson Megna.
4:48 of 1st period - Shot Misses the Net.
4:48 of 1st period - Puck is out of play.
4:49 of 1st period - Victor Rask wins face-off versus Brock Boeser in Heat zone.
4:54 of 1st period - Snap shot by Teemu Hartikainen.
4:54 of 1st period - Shot Misses the Net.
4:56 of 1st period - Slapshot by Noah Hanifin.
4:56 of 1st period - Stopped by Michael Hutchinson with a rebound.
4:58 of 1st period - Slapshot by Jayson Megna.
4:58 of 1st period - Goal by Jayson Megna - Crunch : 1 - Heat : 0.
4:59 of 1st period - Philip Varone wins face-off versus Jayson Megna in neutral zone.
5:46 of 1st period - Snap shot by Barclay Goodrow.
5:46 of 1st period - Shot Blocked by Brendan Guhle.
5:48 of 1st period - Slapshot by Mathieu Brodeur.
5:48 of 1st period - Shot Misses the Net.
5:50 of 1st period - Wrist shot by Rasmus Andersson.
5:50 of 1st period - Stopped by Kaapo Kahkonen with a rebound.
5:52 of 1st period - Slapshot by Barclay Goodrow.
5:52 of 1st period - Goal by Barclay Goodrow - Crunch : 1 - Heat : 1.
5:53 of 1st period - Philip Varone wins face-off versus Teemu Hartikainen in neutral zone.
5:56 of 1st period - Wrist shot by Philip Varone.
5:56 of 1st period - Stopped by Kaapo Kahkonen with a rebound.
5:58 of 1st period - Wrist shot by Frank Corrado.
5:58 of 1st period - Deflect By Brock Boeser.
5:58 of 1st period - Stopped by Kaapo Kahkonen without a rebound.
5:59 of 1st period - Philip Varone wins face-off versus Jayson Megna in Crunch zone.
6:04 of 1st period - Snap shot by Kevin Labanc.
6:04 of 1st period - Shot Misses the Net.
6:06 of 1st period - Slapshot by Frank Corrado.
6:06 of 1st period - Stopped by Kaapo Kahkonen with a rebound.
6:08 of 1st period - Wrist shot by Kevin Labanc.
6:08 of 1st period - Stopped by Kaapo Kahkonen without a rebound.
6:09 of 1st period - Philip Varone wins face-off versus Mitch Callahan in Crunch zone.
6:34 of 1st period - Rasmus Andersson is hit by Jared Staal.
7:05 of 1st period - Slapshot by Matthew Nieto.
7:05 of 1st period - Stopped by Kaapo Kahkonen without a rebound.
7:06 of 1st period - Victor Rask wins face-off versus Jayson Megna in Crunch zone.
7:09 of 1st period - Snap shot by Jake DeBrusk.
7:09 of 1st period - Shot Misses the Net.
7:11 of 1st period - Minor Penalty to Jayson Megna for Holding Stick.
7:12 of 1st period - Philip Varone wins face-off versus Teemu Hartikainen in Crunch zone.
7:17 of 1st period - Snap shot by Philip Varone.
7:17 of 1st period - Goal by Philip Varone - Crunch : 1 - Heat : 2.
7:18 of 1st period - Victor Rask wins face-off versus Jayson Megna in neutral zone.
7:33 of 1st period - Wrist shot by Teemu Hartikainen.
7:33 of 1st period - Shot Misses the Net.
7:45 of 1st period - Ryan Spooner is hit by Jordan Oesterle.
8:29 of 1st period - Wrist shot by Eric Karlsson.
8:29 of 1st period - Stopped by Kaapo Kahkonen without a rebound.
8:30 of 1st period - Victor Rask wins face-off versus Jayson Megna in Crunch zone.
8:37 of 1st period - Slapshot by Victor Rask.
8:37 of 1st period - Stopped by Kaapo Kahkonen with a rebound.
8:55 of 1st period - Matthew Nieto is hit by Mitch Callahan and loses puck.
9:18 of 1st period - Slapshot by Anatoli Golyshev.
9:18 of 1st period - Stopped by Michael Hutchinson with a rebound.
9:24 of 1st period - Jordan Oesterle is hit by Peter Cehlarik and loses puck.
9:35 of 1st period - Nico Sturm is hit by Dalton Smith and loses puck.
10:00 of 1st period - Slapshot by Victor Rask.
10:00 of 1st period - Shot Misses the Net.
10:31 of 1st period - Snap shot by Evgeny Svechnikov.
10:31 of 1st period - Stopped by Kaapo Kahkonen with a rebound.
10:33 of 1st period - Slapshot by Greg Pateryn.
10:33 of 1st period - Deflect By Michael Ferland.
10:33 of 1st period - Stopped by Kaapo Kahkonen with a rebound.
10:35 of 1st period - Slapshot by Evgeny Svechnikov.
10:35 of 1st period - Stopped by Kaapo Kahkonen with a rebound.
10:53 of 1st period - Wrist shot by Victor Rask.
10:53 of 1st period - Shot Blocked by Brendan Guhle.
11:01 of 1st period - Snap shot by Jake DeBrusk.
11:01 of 1st period - Deflect By Victor Rask.
11:01 of 1st period - Stopped by Kaapo Kahkonen without a rebound.
11:02 of 1st period - Kevin Labanc wins face-off versus Jayson Megna in Crunch zone.
11:11 of 1st period - Snap shot by Matthew Nieto.
11:11 of 1st period - Stopped by Kaapo Kahkonen without a rebound.
11:12 of 1st period - Jayson Megna wins face-off versus Philip Varone in Crunch zone.
11:47 of 1st period - Snap shot by Kevin Labanc.
11:47 of 1st period - Goal by Kevin Labanc - Crunch : 1 - Heat : 3.
11:48 of 1st period - Ryan Spooner wins face-off versus Mitch Callahan in neutral zone.
12:09 of 1st period - Minor Penalty to Michael Ferland for High sticking.
12:10 of 1st period - Victor Rask wins face-off versus Teemu Hartikainen in Crunch zone.
12:13 of 1st period - Snap shot by Kevin Labanc.
12:13 of 1st period - Shot Misses the Net.
12:15 of 1st period - Slapshot by Rasmus Andersson.
12:15 of 1st period - Deflect By Teemu Hartikainen.
12:15 of 1st period - Stopped by Kaapo Kahkonen with a rebound.
12:17 of 1st period - Backhand shot by Matthew Nieto.
12:17 of 1st period - Stopped by Kaapo Kahkonen with a rebound.
12:19 of 1st period - Slapshot by Victor Rask.
12:19 of 1st period - Stopped by Kaapo Kahkonen with a rebound.
13:13 of 1st period - Slapshot by Jeremy Lauzon.
13:13 of 1st period - Shot Misses the Net.
13:34 of 1st period - Off-side.
13:35 of 1st period - Victor Rask wins face-off versus Brock Boeser in neutral zone.
14:09 of 1st period - Penalty to Michael Ferland is over, Michael Ferland is back on ice.
14:44 of 1st period - Trevor Carrick is hit by Mitch Callahan and loses puck.
15:11 of 1st period - Slapshot by Jared Staal.
15:11 of 1st period - Shot Blocked by Matthew Nieto.
15:27 of 1st period - Rasmus Andersson is hit by Jayson Megna and loses puck.
15:42 of 1st period - Jordan Oesterle is hit by Evgeny Svechnikov.
16:38 of 1st period - Wrist shot by Brock Boeser.
16:38 of 1st period - Shot Misses the Net.
16:40 of 1st period - Slapshot by Jacob Larsson.
16:40 of 1st period - Shot Blocked by Trevor Carrick.
16:42 of 1st period - Snap shot by Brock Boeser.
16:42 of 1st period - Stopped by Michael Hutchinson without a rebound.
16:43 of 1st period - Jayson Megna wins face-off versus Victor Rask in Heat zone.
16:48 of 1st period - Slapshot by Teemu Hartikainen.
16:48 of 1st period - Stopped by Michael Hutchinson with a rebound.
17:10 of 1st period - Rasmus Andersson is hit by Michael Ferland and loses puck.
18:21 of 1st period - Wrist shot by Teemu Hartikainen.
18:21 of 1st period - Stopped by Michael Hutchinson with a rebound.
18:45 of 1st period - Snap shot by Anatoli Golyshev.
18:45 of 1st period - Deflect By Max McCormick.
18:45 of 1st period - Shot Misses the Net.
18:45 of 1st period - Puck is out of play.
18:46 of 1st period - Philip Varone wins face-off versus Dylan Strome in Heat zone.
19:12 of 1st period - Dylan Strome is hit by Rasmus Andersson and loses puck.
19:19 of 1st period - Slapshot by Rasmus Andersson.
19:19 of 1st period - Shot Hit the Post.
Goals for this period are 1 for Crunch vs 3 for Heat.
Shots for this period are 8 for Crunch vs 20 for Heat.
2nd period
0:01 of 2nd period - Philip Varone wins face-off versus Jayson Megna in neutral zone.
0:25 of 2nd period - Mathieu Brodeur is hit by Michael Ferland and loses puck.
0:36 of 2nd period - Brendan Guhle is hit by Victor Rask.
1:41 of 2nd period - Snap shot by Mitch Callahan.
1:41 of 2nd period - Goal by Mitch Callahan - Crunch : 2 - Heat : 3.
1:42 of 2nd period - Jayson Megna wins face-off versus Philip Varone in neutral zone.
2:08 of 2nd period - Mitch Callahan is hit by Jake DeBrusk and loses puck.
2:27 of 2nd period - Slapshot by Anatoli Golyshev.
2:27 of 2nd period - Shot Misses the Net.
2:33 of 2nd period - Snap shot by Ryan Spooner.
2:33 of 2nd period - Shot Blocked by Jeremy Lauzon.
2:35 of 2nd period - Slapshot by Rasmus Andersson.
2:35 of 2nd period - Goal by Rasmus Andersson - Crunch : 2 - Heat : 4.
2:36 of 2nd period - Teemu Hartikainen wins face-off versus Philip Varone in neutral zone.
2:43 of 2nd period - Snap shot by Teemu Hartikainen.
2:43 of 2nd period - Shot Hit the Post.
2:45 of 2nd period - Wrist shot by Teemu Hartikainen.
2:45 of 2nd period - Stopped by Michael Hutchinson with a rebound.
2:47 of 2nd period - Snap shot by Jayson Megna.
2:47 of 2nd period - Goal by Jayson Megna - Crunch : 3 - Heat : 4.
2:48 of 2nd period - Philip Varone wins face-off versus Jayson Megna in neutral zone.
2:53 of 2nd period - Brendan Guhle is hit by Philip Varone and loses puck.
3:14 of 2nd period - Brendan Guhle is hit by Evgeny Svechnikov and loses puck.
3:37 of 2nd period - Snap shot by Barclay Goodrow.
3:37 of 2nd period - Stopped by Kaapo Kahkonen with a rebound.
4:08 of 2nd period - Slapshot by Rasmus Andersson.
4:08 of 2nd period - Shot Misses the Net.
4:20 of 2nd period - Snap shot by Jayson Megna.
4:20 of 2nd period - Shot Misses the Net.
4:22 of 2nd period - Slapshot by Teemu Hartikainen.
4:22 of 2nd period - Shot Misses the Net.
4:24 of 2nd period - Snap shot by Brock Boeser.
4:24 of 2nd period - Stopped by Michael Hutchinson with a rebound.
4:26 of 2nd period - Slapshot by Sean Walker.
4:26 of 2nd period - Deflect By Philip Varone.
4:26 of 2nd period - Stopped by Michael Hutchinson without a rebound.
4:27 of 2nd period - Jayson Megna wins face-off versus Victor Rask in Heat zone.
4:28 of 2nd period - Slapshot by Brock Boeser.
4:28 of 2nd period - Stopped by Michael Hutchinson without a rebound.
4:29 of 2nd period - Victor Rask wins face-off versus Jayson Megna in Heat zone.
4:34 of 2nd period - Wrist shot by Teemu Hartikainen.
4:34 of 2nd period - Goal by Teemu Hartikainen - Crunch : 4 - Heat : 4.
4:35 of 2nd period - Philip Varone wins face-off versus Teemu Hartikainen in neutral zone.
4:50 of 2nd period - Slapshot by Jayson Megna.
4:50 of 2nd period - Shot Blocked by Kevin Labanc.
6:02 of 2nd period - Noah Hanifin is hit by John Gilmour.
6:20 of 2nd period - Jordan Oesterle is hit by Evgeny Svechnikov and loses puck.
6:41 of 2nd period - Peter Cehlarik is hit by Jared Staal and loses puck.
7:19 of 2nd period - Icing by Trevor Carrick.
7:20 of 2nd period - Teemu Hartikainen wins face-off versus Philip Varone in Heat zone.
8:13 of 2nd period - Snap shot by Brock Boeser.
8:13 of 2nd period - Shot Blocked by Victor Rask.
8:15 of 2nd period - Slapshot by Michael Downing.
8:15 of 2nd period - Shot Misses the Net.
8:19 of 2nd period - Wrist shot by Teemu Hartikainen.
8:19 of 2nd period - Stopped by Michael Hutchinson with a rebound.
8:21 of 2nd period - Wrist shot by Teemu Hartikainen.
8:21 of 2nd period - Stopped by Michael Hutchinson without a rebound.
8:22 of 2nd period - Philip Varone wins face-off versus Christoffer Ehn in Heat zone.
8:27 of 2nd period - Michael Ferland is hit by Mathieu Brodeur and loses puck.
9:46 of 2nd period - Dalton Smith is hit by Philip Varone and loses puck.
10:06 of 2nd period - Off-side.
10:07 of 2nd period - Jayson Megna wins face-off versus Victor Rask in neutral zone.
10:38 of 2nd period - Off-side.
10:39 of 2nd period - Christoffer Ehn wins face-off versus Philip Varone in neutral zone.
10:45 of 2nd period - Minor Penalty to Philip Varone for Tripping.
10:46 of 2nd period - Jayson Megna wins face-off versus Peter Cehlarik in Heat zone.
10:58 of 2nd period - Snap shot by Teemu Hartikainen.
10:58 of 2nd period - Shot Misses the Net.
11:00 of 2nd period - Snap shot by Brock Boeser.
11:00 of 2nd period - Shot Misses the Net.
11:02 of 2nd period - Slapshot by Noah Hanifin.
11:02 of 2nd period - Stopped by Michael Hutchinson with a rebound.
11:50 of 2nd period - Jeremy Lauzon is hit by Mathieu Brodeur and loses puck.
12:00 of 2nd period - Icing by Teemu Hartikainen.
12:01 of 2nd period - Jayson Megna wins face-off versus Ryan Spooner in Crunch zone.
12:45 of 2nd period - Penalty to Philip Varone is over, Philip Varone is back on ice.
13:16 of 2nd period - Snap shot by Jesper Bratt.
13:16 of 2nd period - Stopped by Kaapo Kahkonen with a rebound.
13:18 of 2nd period - Slapshot by John Gilmour.
13:18 of 2nd period - Shot Misses the Net.
13:20 of 2nd period - Slapshot by Trevor Carrick.
13:20 of 2nd period - Shot Blocked by Charles-Olivier Roussel.
14:08 of 2nd period - Kevin Labanc is hit by Michael Ferland and loses puck.
14:43 of 2nd period - Snap shot by Teemu Hartikainen.
14:43 of 2nd period - Stopped by Michael Hutchinson with a rebound.
15:08 of 2nd period - Victor Rask is hit by Connor Bunnaman and loses puck.
15:15 of 2nd period - Slapshot by Noah Hanifin.
15:15 of 2nd period - Stopped by Michael Hutchinson without a rebound.
15:16 of 2nd period - Philip Varone wins face-off versus Jayson Megna in Heat zone.
15:43 of 2nd period - Barclay Goodrow is hit by Michael Ferland and loses puck.
16:21 of 2nd period - Wrist shot by Anatoli Golyshev.
16:21 of 2nd period - Stopped by Michael Hutchinson with a rebound.
16:23 of 2nd period - Slapshot by Noah Hanifin.
16:23 of 2nd period - Stopped by Michael Hutchinson with a rebound.
16:25 of 2nd period - Backhand shot by Max McCormick.
16:25 of 2nd period - Stopped by Michael Hutchinson without a rebound.
16:26 of 2nd period - Philip Varone wins face-off versus Connor Bunnaman in Heat zone.
16:31 of 2nd period - Slapshot by Rasmus Andersson.
16:31 of 2nd period - Shot Misses the Net.
16:33 of 2nd period - Slapshot by Rasmus Andersson.
16:33 of 2nd period - Deflect By Matthew Nieto.
16:33 of 2nd period - Shot Misses the Net.
16:33 of 2nd period - Puck is out of play.
16:34 of 2nd period - Philip Varone wins face-off versus Jayson Megna in Crunch zone.
16:50 of 2nd period - Off-side.
16:51 of 2nd period - Christoffer Ehn wins face-off versus Victor Rask in neutral zone.
17:02 of 2nd period - Slapshot by Rasmus Andersson.
17:02 of 2nd period - Shot Misses the Net.
17:21 of 2nd period - Snap shot by Kevin Labanc.
17:21 of 2nd period - Shot Misses the Net.
18:01 of 2nd period - Jared Staal is hit by Peter Cehlarik and loses puck.
18:10 of 2nd period - Slapshot by Jordan Oesterle.
18:10 of 2nd period - Shot Misses the Net.
18:19 of 2nd period - Icing by Trevor Carrick.
18:20 of 2nd period - Jayson Megna wins face-off versus Victor Rask in Heat zone.
18:31 of 2nd period - Snap shot by Jake DeBrusk.
18:31 of 2nd period - Shot Misses the Net.
18:55 of 2nd period - Wrist shot by Philip Varone.
18:55 of 2nd period - Shot Misses the Net.
19:10 of 2nd period - Icing by Max McCormick.
19:11 of 2nd period - Philip Varone wins face-off versus Connor Bunnaman in Crunch zone.
19:16 of 2nd period - Snap shot by Kevin Labanc.
19:16 of 2nd period - Shot Blocked by Connor Bunnaman.
19:40 of 2nd period - Slapshot by Jeremy Lauzon.
19:40 of 2nd period - Shot Blocked by Rasmus Andersson.
19:40 of 2nd period - Rasmus Andersson from Heat is injured at 19:40 of 2nd period (Back Spasms).
19:41 of 2nd period - Jayson Megna wins face-off versus Philip Varone in Heat zone.
19:42 of 2nd period - Slapshot by Teemu Hartikainen.
19:42 of 2nd period - Shot Misses the Net.
Goals for this period are 3 for Crunch vs 1 for Heat.
Shots for this period are 15 for Crunch vs 3 for Heat.
3rd period
0:01 of 3rd period - Jayson Megna wins face-off versus Philip Varone in neutral zone.
0:08 of 3rd period - Snap shot by Brock Boeser.
0:08 of 3rd period - Stopped by Michael Hutchinson with a rebound.
0:12 of 3rd period - Wrist shot by Teemu Hartikainen.
0:12 of 3rd period - Shot Misses the Net.
0:50 of 3rd period - Christoffer Ehn is hit by Evgeny Svechnikov and loses puck.
1:16 of 3rd period - Snap shot by Max McCormick.
1:16 of 3rd period - Stopped by Michael Hutchinson with a rebound.
2:12 of 3rd period - Mitch Callahan is hit by Peter Cehlarik.
2:31 of 3rd period - Max McCormick is hit by Philip Varone and loses puck.
2:44 of 3rd period - Wrist shot by Brock Boeser.
2:44 of 3rd period - Stopped by Michael Hutchinson without a rebound.
2:45 of 3rd period - Jayson Megna wins face-off versus Eric Karlsson in Heat zone.
3:10 of 3rd period - Kevin Labanc is hit by Mitch Callahan and loses puck.
3:15 of 3rd period - Slapshot by Mitch Callahan.
3:15 of 3rd period - Shot Misses the Net.
3:17 of 3rd period - Slapshot by Brendan Guhle.
3:17 of 3rd period - Shot Blocked by Trevor Carrick.
3:19 of 3rd period - Snap shot by Christoffer Ehn.
3:19 of 3rd period - Shot Misses the Net.
3:40 of 3rd period - Minor Penalty to Dalton Smith for Tripping.
3:41 of 3rd period - Victor Rask wins face-off versus Jayson Megna in Crunch zone.
4:12 of 3rd period - Jayson Megna is hit by Philip Varone and loses puck.
5:40 of 3rd period - Penalty to Dalton Smith is over, Dalton Smith is back on ice.
5:44 of 3rd period - Michael Ferland is hit by Frank Corrado and loses puck.
6:13 of 3rd period - Slapshot by Dalton Smith.
6:13 of 3rd period - Stopped by Michael Hutchinson without a rebound.
6:14 of 3rd period - Anatoli Golyshev wins face-off versus Ryan Spooner in Heat zone.
6:21 of 3rd period - Jeremy Lauzon is hit by Barclay Goodrow and loses puck.
6:28 of 3rd period - Snap shot by Ryan Spooner.
6:28 of 3rd period - Shot Misses the Net.
6:49 of 3rd period - Jayson Megna is hit by Frank Corrado.
6:59 of 3rd period - Jared Staal is hit by Jake DeBrusk and loses puck.
7:08 of 3rd period - Wrist shot by Jake DeBrusk.
7:08 of 3rd period - Shot Misses the Net.
7:18 of 3rd period - Sean Walker is hit by Eric Karlsson and loses puck.
7:22 of 3rd period - Icing by Charles-Olivier Roussel.
7:23 of 3rd period - Connor Bunnaman wins face-off versus Philip Varone in Crunch zone.
7:30 of 3rd period - Snap shot by Connor Bunnaman.
7:30 of 3rd period - Shot Blocked by Philip Varone.
7:32 of 3rd period - Wrist shot by Connor Bunnaman.
7:32 of 3rd period - Shot Misses the Net.
7:34 of 3rd period - Wrist shot by Max McCormick.
7:34 of 3rd period - Stopped by Michael Hutchinson with a rebound.
7:36 of 3rd period - Slapshot by Max McCormick.
7:36 of 3rd period - Stopped by Michael Hutchinson without a rebound.
7:37 of 3rd period - Victor Rask wins face-off versus Brock Boeser in Heat zone.
7:59 of 3rd period - Icing by Jake DeBrusk.
8:00 of 3rd period - Christoffer Ehn wins face-off versus Victor Rask in Heat zone.
8:04 of 3rd period - Minor Penalty to Greg Pateryn for Holding.
8:05 of 3rd period - Jayson Megna wins face-off versus Philip Varone in Heat zone.
8:09 of 3rd period - Slapshot by Teemu Hartikainen.
8:09 of 3rd period - Deflect By Jayson Megna.
8:09 of 3rd period - Stopped by Michael Hutchinson without a rebound.
8:10 of 3rd period - Jayson Megna wins face-off versus Philip Varone in Heat zone.
8:47 of 3rd period - Nico Sturm is hit by Brock Boeser.
8:55 of 3rd period - Nico Sturm is hit by Brock Boeser and loses puck.
9:28 of 3rd period - Wrist shot by Teemu Hartikainen.
9:28 of 3rd period - Shot Blocked by Frank Corrado.
9:30 of 3rd period - Slapshot by Brock Boeser.
9:30 of 3rd period - Stopped by Michael Hutchinson without a rebound.
9:31 of 3rd period - Philip Varone wins face-off versus Christoffer Ehn in Heat zone.
9:42 of 3rd period - Wrist shot by Mitch Callahan.
9:42 of 3rd period - Stopped by Michael Hutchinson with a rebound.
10:04 of 3rd period - Penalty to Greg Pateryn is over, Greg Pateryn is back on ice.
10:06 of 3rd period - Slapshot by Mathieu Brodeur.
10:06 of 3rd period - Shot Misses the Net.
10:18 of 3rd period - Snap shot by Jared Staal.
10:18 of 3rd period - Deflect By Dalton Smith.
10:18 of 3rd period - Shot Misses the Net.
10:18 of 3rd period - Puck is out of play.
10:19 of 3rd period - Ryan Spooner wins face-off versus Connor Bunnaman in Heat zone.
10:26 of 3rd period - Wrist shot by Ryan Spooner.
10:26 of 3rd period - Shot Misses the Net.
10:28 of 3rd period - Wrist shot by Barclay Goodrow.
10:28 of 3rd period - Shot Misses the Net.
10:30 of 3rd period - Wrist shot by Peter Cehlarik.
10:30 of 3rd period - Shot Misses the Net.
11:12 of 3rd period - Wrist shot by Kevin Labanc.
11:12 of 3rd period - Stopped by Kaapo Kahkonen with a rebound.
11:35 of 3rd period - Snap shot by Jake DeBrusk.
11:35 of 3rd period - Goal by Jake DeBrusk - Crunch : 4 - Heat : 5.
11:36 of 3rd period - Philip Varone wins face-off versus Jayson Megna in neutral zone.
11:45 of 3rd period - Snap shot by Matthew Nieto.
11:45 of 3rd period - Deflect By Kevin Labanc.
11:45 of 3rd period - Stopped by Kaapo Kahkonen with a rebound.
11:51 of 3rd period - Slapshot by Jordan Oesterle.
11:51 of 3rd period - Shot Misses the Net.
12:01 of 3rd period - Mathieu Brodeur is hit by Dalton Smith and loses puck.
12:14 of 3rd period - Wrist shot by Dalton Smith.
12:14 of 3rd period - Shot Misses the Net.
12:34 of 3rd period - Wrist shot by Victor Rask.
12:34 of 3rd period - Shot Blocked by Michael Ferland.
12:49 of 3rd period - Off-side.
12:50 of 3rd period - Ryan Spooner wins face-off versus Jayson Megna in neutral zone.
12:53 of 3rd period - Slapshot by Greg Pateryn.
12:53 of 3rd period - Stopped by Kaapo Kahkonen with a rebound.
13:15 of 3rd period - Snap shot by Mitch Callahan.
13:15 of 3rd period - Stopped by Michael Hutchinson with a rebound.
13:17 of 3rd period - Wrist shot by Michael Ferland.
13:17 of 3rd period - Stopped by Michael Hutchinson without a rebound.
13:18 of 3rd period - Victor Rask wins face-off versus Christoffer Ehn in Heat zone.
13:25 of 3rd period - Noah Hanifin is hit by Greg Pateryn and loses puck.
13:49 of 3rd period - Wrist shot by Victor Rask.
13:49 of 3rd period - Goal by Victor Rask - Crunch : 4 - Heat : 6.
13:50 of 3rd period - Philip Varone wins face-off versus Jayson Megna in neutral zone.
14:15 of 3rd period - Noah Hanifin is hit by Evgeny Svechnikov and loses puck.
14:23 of 3rd period - Minor Penalty to Greg Pateryn for High sticking.
14:24 of 3rd period - Philip Varone wins face-off versus Teemu Hartikainen in Heat zone.
14:24 of 3rd period - Philip Varone is hit by Noah Hanifin.
16:23 of 3rd period - Penalty to Greg Pateryn is over, Greg Pateryn is back on ice.
17:55 of 3rd period - Minor Penalty to Anatoli Golyshev for Holding.
17:56 of 3rd period - Teemu Hartikainen wins face-off versus Victor Rask in Crunch zone.
19:04 of 3rd period - Icing by Philip Varone.
19:05 of 3rd period - Dylan Strome wins face-off versus Victor Rask in Heat zone.
19:26 of 3rd period - Noah Hanifin is hit by Philip Varone and loses puck.
19:55 of 3rd period - Penalty to Anatoli Golyshev is over, Anatoli Golyshev is back on ice.
Goals for this period are 0 for Crunch vs 2 for Heat.
Shots for this period are 11 for Crunch vs 5 for Heat.